 Dungeon Crawl Stone Soup version 0.19.1-1-g22dce08 (webtiles) character file.

28786 kae the Severer (level 13, -3/118 HPs)
             Began as a Hill Orc Fighter on Dec 31, 2016.
             Was a High Priest of Beogh.
             Slain by a fire crab (6 damage)
             ... on level 6 of the Lair of Beasts.
             The game lasted 00:20:52 (16043 turns).

kae the Severer (Hill Orc Fighter)                 Turns: 16043, Time: 00:20:52

Health: -3/118     AC: 15    Str: 24    XL:     13   Next: 41%
Magic:  4/22       EV: 10    Int:  8    God:    Beogh [*****.]
Gold:   1025       SH:  4    Dex: 10    Spells: 0 memorised, 12 levels left

rFire  . . .     SeeInvis .     x - +2 executioner's axe (flame)
rCold  . . .     Gourm    .     b - +1 scale mail
rNeg   . . .     Faith    .     (shield currently unavailable)
rPois  +         Spirit   .     g - +2 helmet
rElec  .         Reflect  +     (no cloak)
rCorr  .         Harm     .     S - +0 pair of gloves
MR     +....                    (no boots)
Stlth  ..........               t - +4 amulet of reflection
                                T - ring of poison resistance
                                H - ring of protection from magic

@: no status effects
A: walk on water
a: Smiting, Recall Orcish Followers, Give Item to Named Follower, Renounce
Religion


You were on level 6 of the Lair of Beasts.
You worshipped Beogh.
Beogh was extremely pleased with you.
You were not hungry.

You visited 2 branches of the dungeon, and saw 17 of its levels.
You also visited: Sewer.

You collected 1025 gold pieces.

Inventory:

Hand Weapons
 a - a +1 war axe
 x - a +2 executioner's axe of flaming (weapon)
Missiles
 e - 8 poisoned tomahawks (quivered)
Armour
 b - a +1 scale mail (worn)
 g - a +2 helmet (worn)
 S - a +0 pair of gloves (worn)
Jewellery
 m - an uncursed ring of protection from cold
 t - a +4 amulet of reflection (around neck)
 v - an uncursed ring of see invisible
 H - a ring of protection from magic (left hand)
 N - an uncursed ring of wizardry {unknown}
 T - a ring of poison resistance (right hand)
Wands
 q - a wand of acid (7/15)
 s - a wand of digging (24/24)
 C - a wand of slowing (24/48)
 E - a wand of heal wounds (8/9)
 J - a wand of polymorph (16/24)
 K - a wand of teleportation (9/9)
 M - a wand of teleportation (4/9)
 P - a wand of hasting (5/9)
Scrolls
 c - 2 scrolls of blinking
 h - 8 scrolls of teleportation
 i - 2 scrolls of amnesia
 k - 8 scrolls of remove curse
 l - 2 scrolls of fear
 r - 2 scrolls of fog
 y - a scroll of enchant weapon
 z - a scroll of magic mapping
 F - 2 scrolls of recharging
 L - a scroll of acquirement
 Q - a scroll of identify
 U - a scroll of immolation {unknown}
Potions
 d - 5 potions of might
 j - 6 potions of curing
 n - 7 potions of heal wounds
 w - a potion of invisibility
 B - 2 potions of agility
 D - 4 potions of haste
 G - a potion of magic
 O - a potion of berserk rage
Comestibles
 f - 16 bread rations
 o - 6 fruits
 p - a royal jelly
 u - 2 slices of pizza
 A - 2 beef jerkies
 I - a meat ration
 R - 4 chunks of flesh


   Skills:
 + Level 12.2 Fighting
 * Level 17.7 Axes
 + Level 11.8 Armour
   Level 3.2 Shields
 + Level 12.0 Invocations


You had 12 spell levels left.
You didn't know any spells.

Dungeon Overview and Level Annotations

Branches:
Dungeon (11/15)            Temple (0/1) D:6            Lair (6/6) D:11
  Swamp (0/4) Lair:3       Spider (0/4) Lair:2        Slime (0/5) Lair:5
    Orc (0/2) D:11

Altars:
Ashenzari
Dithmenos
Elyvilon
Fedhas
Gozag
Hepliaklqana
Nemelex Xobeh
Ru
Trog
Xom
Yredelemnul
Jiyva

Shops:
D:8 %

Annotations:
Lair:6 Urug


Message History

The blast of flame engulfs you!
Your orc knight is engulfed in roaring flames.
Your orc knight misses the blink frog.
The blink frog is engulfed in roaring flames.
The blink frog barely misses you.
The blink frog is engulfed in roaring flames.
The blink frog hits you!
* * * LOW HITPOINT WARNING * * *
The blink frog blinks!
Your orc knight is engulfed in roaring flames.
Your orc knight hits the fire crab with a flail!
A hippogriff comes into view.
You barely miss the blink frog.
The blink frog is severely wounded.
You barely miss the fire crab.
You are engulfed in a cloud of scalding steam.
* * * LOW HITPOINT WARNING * * *
The blink frog hits you but does no damage.
The fire crab closely misses you. The fire crab claws you.
You die...

≈≈≈≈≈≈≈♣≈≈≈≈≈≈♣
≈≈≈≈≈≈≈≈P≈≈≈≈≈≈
≈≈≈≈≈≈≈≈≈≈≈≈≈≈≈≈≈
≈≈≈≈≈≈≈≈≈≈≈≈≈≈≈≈≈
≈≈≈≈≈≈≈≈≈≈§§≈≈≈H≈
≈≈≈≈≈≈§≈≈§≈§≈≈≈≈♣
P≈≈≈≈≈≈≈†F≈≈≈≈≈≈≈
P≈≈≈≈P≈♣o@♣≈≈≈♣
♣≈≈≈≈≈≈oot≈≈o♣
≈♣P♣♣♣oo♣♣≈♣♣
♣♣≈o≈≈##o#
♣♣..oo.o†.#
##.........#
###...#.....##
###..........##
#####...[........#


You could see a fire crab, a hippogriff, a blink frog, 4 friendly orc knights, 4
friendly orc warriors, a friendly orc wizard and a friendly orc.

Vanquished Creatures
  2 hydras
  2 death yaks (Lair:6)
  Nergalle (Lair:2)
  3 elephants (Lair:6)
  A black mamba (Lair:4)
  A centaur zombie (D:10)
  2 spiny frogs
  7 komodo dragons
  A troll (D:11)
  A two-headed ogre (D:11)
  4 dream sheep (Lair:6)
  5 blink frogs
  A spriggan (D:7)
  A wyvern (Lair:5)
  15 yaks
  A basilisk (Lair:4)
  A steam dragon (D:8)
  2 hell hounds (Lair:6)
  8 water moccasins
  3 porcupines
  An ice beast (D:10)
  4 orc warriors
  A sky beast (D:6)
  An eye of draining (D:8)
  A black bear (Lair:2)
  7 ogres
  4 wolves
  A centaur (D:6)
  3 crocodiles
  A big kobold (D:7)
  17 bullfrogs
  A gnoll sergeant (D:9)
  2 scorpions
  An electric eel (Lair:6)
  2 crimson imps
  2 orc priests
  A bullfrog skeleton (D:11)
  3 hounds
  3 gnoll shamans (D:3)
  4 jellies
  A centaur skeleton (D:9)
  Jessica (D:2)
  An iguana (D:10)
  8 orc wizards
  6 worker ants
  A killer bee zombie (D:10)
  A hound zombie (D:3)
  3 hound skeletons
  A worker ant zombie (D:10)
  Robin (D:2)
  43 gnolls
  14 adders
  2 river rats (Sewer)
  2 shadow imps
  An ufetubus (D:10)
  An ooze (D:1)
  2 adder skeletons
  3 worms
  6 dart slugs
  5 leopard geckos
  17 orcs
  5 ball pythons
  7 giant cockroaches
  12 goblins
  7 hobgoblins
  24 jackals
  2 quokkas
  11 bats
  11 frilled lizards
  10 kobolds
  A leopard gecko skeleton (D:5)
  A leopard gecko zombie (D:6)
  15 rats
  8 fungi
  4 plants
360 creatures vanquished.

Vanquished Creatures (collateral kills)
  2 hydras
  Erica (Lair:2)
  3 death yaks (Lair:6)
  A hill giant (D:11)
  2 oklob plants
  3 elephants (Lair:6)
  2 rime drakes
  3 black mambas
  A torpor snail (Lair:5)
  6 spiny frogs
  2 komodo dragons
  A polar bear (Lair:6)
  9 blink frogs
  A dream sheep (Lair:6)
  2 hippogriffs
  A wyvern (D:9)
  2 basilisks (Lair:6)
  20 yaks
  A water moccasin (D:9)
  A porcupine (Lair:3)
  A black bear (Lair:3)
  3 ogres (D:8)
  A wolf (Lair:2)
  2 centaurs
  8 bullfrogs
  A howler monkey (D:9)
  An electric eel (D:10)
  A crimson imp (D:10)
  A hound (D:11)
  An orc wizard (D:8)
  An orc priest (D:5)
  A worker ant (D:11)
  A gnoll (D:9)
  2 shadow imps (D:9)
  An ufetubus (D:10)
  An adder zombie (D:8)
  An adder skeleton (D:10)
  A leopard gecko (D:7)
  3 orcs (D:7)
  A kobold (D:7)
  A quokka skeleton (D:6)
  A bush (Lair:6)
  24 fungi
  14 plants
137 creatures vanquished.

Vanquished Creatures (others)
  Urug (Lair:6)
  3 orc knights (Lair:6)
  An orc warrior (Lair:6)
  3 orc wizards
  A centaur (D:6)
  An orc priest (D:3)
  2 gnolls (D:3)
  19 orcs
  2 jackals (D:3)
  A rat (D:3)
  4 fungi (Lair:6)
  12 plants
50 creatures vanquished.

Grand Total: 547 creatures vanquished

Notes
Turn   | Place    | Note
-------+----------+-------------------------------------------
     0 | D:1      | kae the Hill Orc Fighter began the quest for the Orb.
     0 | D:1      | Reached XP level 1. HP: 19/19 MP: 1/1
    71 | D:1      | Reached skill level 3 in Axes
   103 | D:1      | Reached XP level 2. HP: 27/27 MP: 2/2
   296 | D:1      | Reached XP level 3. HP: 33/33 MP: 3/3
   776 | D:2      | Reached skill level 4 in Axes
   804 | D:2      | Noticed Robin
   810 | D:2      | Killed Robin
   818 | D:2      | Reached XP level 4. HP: 36/40 MP: 4/4
   973 | D:2      | Found a basalt altar of Yredelemnul.
  1133 | D:2      | Found a sacrificial altar of Ru.
  1135 | D:2      | Noticed Jessica
  1139 | D:2      | Killed Jessica
  1139 | D:2      | Reached skill level 5 in Axes
  1139 | D:2      | Reached XP level 5. HP: 45/47 MP: 5/5
  1469 | D:2      | Found a hazy altar of Hepliaklqana.
  1635 | D:3      | Found a shimmering altar of Xom.
  1641 | D:3      | Found a shimmering altar of Xom.
  1657 | D:3      | Became a worshipper of Beogh the Brigand
  1662 | D:3      | Found a white marble altar of Elyvilon.
  1701 | D:3      | Found a blossoming altar of Fedhas.
  1708 | D:3      | Reached skill level 6 in Axes
  1712 | D:3      | Reached XP level 6. HP: 5/53 MP: 6/6
  2015 | D:3      | Found a glowing drain.
  2020 | Sewer    | Entered a sewer
  2263 | Sewer    | Reached * piety under Beogh
  2632 | D:3      | Reached skill level 7 in Axes
  2899 | D:3      | Reached skill level 5 in Fighting
  2899 | D:3      | Reached skill level 5 in Armour
  2899 | D:3      | Reached XP level 7. HP: 34/61 MP: 7/7
  3103 | D:3      | Reached skill level 8 in Axes
  3240 | D:3      | Reached ** piety under Beogh
  4274 | D:3      | Reached XP level 8. HP: 64/70 MP: 8/8
  4289 | D:3      | Found a shimmering altar of Xom.
  4298 | D:3      | Reached skill level 9 in Axes
  4423 | D:4      | Found a shadowy altar of Dithmenos.
  4480 | D:4      | Reached *** piety under Beogh
  4603 | D:4      | Reached skill level 1 in Invocations
  5182 | D:4      | Found a bloodstained altar of Trog.
  5206 | D:5      | Entered Level 5 of the Dungeon
  5763 | D:5      | Reached **** piety under Beogh
  5971 | D:6      | Found a staircase to the Ecumenical Temple.
  6073 | D:6      | Reached skill level 10 in Axes
  6193 | D:6      | Reached XP level 9. HP: 61/79 MP: 10/12
  6657 | D:7      | Identified a scroll of acquirement
  6763 | D:7      | Reached skill level 11 in Axes
  6985 | D:7      | Reached skill level 5 in Invocations
  7297 | D:8      | Found an opulent altar of Gozag.
  7305 | D:8      | Found a shattered altar of Ashenzari.
  7305 | D:8      | Found a sparkling altar of Nemelex Xobeh.
  7446 | D:8      | Found Ugalat's Food Shop.
  7852 | D:8      | Reached skill level 12 in Axes
  8011 | D:8      | Reached XP level 10. HP: 32/88 MP: 14/14
  8930 | D:9      | Reached ***** piety under Beogh
  9148 | D:9      | Reached skill level 13 in Axes
  9395 | D:10     | Entered Level 10 of the Dungeon
  9727 | D:10     | Reached XP level 11. HP: 65/97 MP: 16/16
 10131 | D:10     | Reached skill level 14 in Axes
 10132 | D:10     | Gained Beowulf as an ally
 10357 | D:11     | Noticed a hill giant
 10360 | D:11     | Killed a hill giant
 10500 | D:11     | Reached skill level 10 in Fighting
 10502 | D:11     | Noticed Urug
 10590 | D:11     | Found a staircase to the Orcish Mines.
 10821 | D:11     | Found a staircase to the Lair.
 11143 | Lair:1   | Entered Level 1 of the Lair of Beasts
 11187 | Lair:1   | Noticed a six-headed hydra
 11192 | Lair:1   | Killed a three-headed hydra
 11195 | Lair:1   | Reached skill level 10 in Armour
 11440 | Lair:1   | Reached skill level 15 in Axes
 11966 | Lair:2   | Noticed a seven-headed hydra
 11971 | Lair:2   | Killed a four-headed hydra
 11971 | Lair:2   | Reached XP level 12. HP: 86/108 MP: 19/19
 12034 | Lair:2   | Noticed Nergalle
 12035 | Lair:2   | Noticed Erica
 12039 | Lair:2   | Killed Nergalle
 12039 | Lair:2   | Reached skill level 10 in Invocations
 12049 | Lair:2   | Killed Erica
 12209 | Lair:2   | Found a hole to the Spider Nest.
 13348 | Lair:3   | Found a staircase to the Swamp.
 13440 | Lair:3   | Reached skill level 16 in Axes
 13473 | Lair:3   | Noticed a four-headed hydra
 13477 | Lair:3   | Killed a three-headed hydra
 14393 | Lair:4   | Noticed a five-headed hydra
 14398 | Lair:4   | Killed a three-headed hydra
 15346 | Lair:5   | Reached skill level 17 in Axes
 15346 | Lair:5   | Reached XP level 13. HP: 107/116 MP: 21/21
 15399 | Lair:5   | Found a staircase to the Slime Pits.
 15399 | Lair:5   | Found a viscous altar of Jiyva.
 15739 | Lair:6   | Entered Level 6 of the Lair of Beasts
 15745 | Lair:6   | Your ally died
 15836 | Lair:6   | Reached ****** piety under Beogh
 16029 | Lair:6   | Your ally Beowulf died
 16043 | Lair:6   | HP: 3/118 [fire crab] (12)]
 16043 | Lair:6   | Slain by a fire crab

Skill      XL: |  1  2  3  4  5  6  7  8  9 10 11 12 13 |
---------------+----------------------------------------+-----
Axes           | 3 4 5 6 7 8 10 12 13 15 17 | 17.7
Fighting       | 4 5 7 8 9 10 11 12 | 12.2
Armour         | 4 5 6 8 9 10 11 | 11.8
Invocations    | 4 6 7 9 11 12 | 12.0
Shields        | |  3.2

Action                   |  1- 3 |  4- 6 |  7- 9 | 10-12 | 13-15 || total
-------------------------+-------+-------+-------+-------+-------++-------
Melee: War axe           |    92 |   261 |   344 |       |       ||   697
       Executioner's axe |       |       |    71 |   263 |    36 ||   370
Throw: Tomahawk          |       |       |     7 |       |       ||     7
Invok: Convert to Beogh  |       |     1 |       |       |       ||     1
       Smiting           |       |       |     2 |     7 |     7 ||    16
       Recall Orcish Fol |       |       |     2 |     8 |     1 ||    11
  Use: Scroll            |       |     7 |     9 |     9 |       ||    25
       Potion            |       |     4 |       |       |       ||     4
 Stab: Distracted        |       |       |     1 |     1 |     1 ||     3
       Confused          |       |       |       |     1 |       ||     1
  Eat: Chunk             |       |     7 |    18 |    14 |     2 ||    41
       Pizza             |       |       |       |     1 |       ||     1
       Fruit             |       |       |       |     3 |       ||     3
       Bread ration      |       |       |       |     1 |       ||     1
Armor: Scale mail        |    56 |   138 |   176 |   144 |    28 ||   542
Dodge: Dodged            |    18 |    94 |   120 |   125 |    22 ||   379
Block: Shield            |    65 |   146 |   177 |       |       ||   388
       Reflection        |       |       |     9 |       |       ||     9
       Other             |       |       |    13 |    78 |     5 ||    96
